 Dungeon Crawl Stone Soup version 0.14-a0-3294-g830ee6c (webtiles) character file.

462 4tharraofdagon the Poker (level 6, 0/48 HPs)
             Began as a Merfolk Gladiator on Mar 13, 2014.
             Slain by an iguana (8 damage)
             ... on Level 5 of the Dungeon.
             The game lasted 00:05:31 (1023 turns).

4tharraofdagon the Poker (Merfolk Gladiator)        Turns: 1023, Time: 00:05:31

HP   0/48        AC  9     Str 16      XL: 6   Next: 63%
MP   9/9         EV  6     Int  9      God:
Gold 108         SH  0     Dex 14      Spells:  0 memorised,  8 levels left

rFire  . . .     SeeInvis .     a - +0 trident
rCold  . . .     Clarity  .     e - +0 chain mail
rNeg   + . .     Conserve .     (no shield)
rPois  .         rCorr    .     c - +0 helmet
rElec  .         rRot     .     (no cloak)
SustAb . .       Spirit   .     (no gloves)
rMut   .         Warding  .     (no boots)
Saprov . . .     Stasis   .     (no amulet)
MR     .....                    (no ring)
                                k - ring of positive energy

@: not resistant to hostile enchantments, extremely unstealthy
A: change form in water, swift swim
a: no special abilities


You were on level 5 of the Dungeon.
You were hungry.

You visited 1 branch of the dungeon, and saw 5 of its levels.

You collected 108 gold pieces.

Inventory:

Hand weapons
 a - a +0,+0 trident (weapon)
Armour
 b - a +0 leather armour
 c - a +0 helmet (worn)
 e - a +0 chain mail (worn)
Comestibles
 f - 3 bread rations
 i - 2 pears
 r - a honeycomb
 s - a chunk of iguana flesh
Scrolls
 g - 4 scrolls of remove curse
 h - a scroll of fog {unknown}
 j - 2 scrolls of noise {unknown}
 o - a scroll of magic mapping {unknown}
 p - a scroll of amnesia {unknown}
Jewellery
 k - a ring of positive energy (left hand)
Potions
 l - a potion of brilliance
Books
 m - a book of Enchantments

   Spells                             Type                      Level
   Cause Fear                         Hexes                        4
   Silence                            Hexes/Air                    5
   Tukima's Dance                     Hexes                        5
   Deflect Missiles                   Charms/Air                   6
   Haste                              Charms                       6
   Discord                            Hexes                        8
 q - a book of Party Tricks

   Spells                             Type                      Level
   Summon Butterflies                 Summoning                    1
   Apportation                        Translocation                1
   Blink                              Translocation                2
   Alistair's Intoxication            Transmutation/Poison         4
   Tukima's Dance                     Hexes                        5


   Skills:
 + Level 3.7 Fighting
 * Level 7.1 Polearms
 - Level 2.0 Throwing
 + Level 1.5 Armour
 + Level 5.4 Dodging
 + Level 1.7 Spellcasting


You had 8 spell levels left.
You didn't know any spells.

Dungeon Overview and Level Annotations

Branches:
Dungeon (5/15)
 Temple: D:4-7

Altars:
Vehumet

Annotations:
D:4 Pikel


Message History

The iguana closely misses you.
You completely miss the iguana.
You tail-slap the iguana, but do no damage.
The iguana is almost dead.
The iguana splashes around in the water.
You hit the iguana but do no damage.
The iguana is almost dead.
The iguana closely misses you.
Attack whom?
Press: ? - help, Dir - move target cursor, f/p - iguana
Aim: an iguana (almost dead)
You barely miss the iguana.
The iguana is almost dead.
You hit the iguana but do no damage.
The iguana is almost dead.
The iguana splashes around in the water.
You hit the iguana but do no damage.
The iguana is almost dead.
The iguana bites you!
You die...

###...#)............#
#.....#.............#
.####....l#(###.........#
#..........#.#
########### .##.....###.#
#.....# #.# #.....# #≈#
#.....# #l# #....l# #@#
#.....###.# #..###....#
.....#.......#
#..#..#.......# ) .#
#.......# .. #.......#
#.......# .........


You could see an iguana.

Vanquished Creatures
  An ogre (D:4)
  A sky beast (D:5)
  A hound (D:3)
  2 iguanas
  Jessica (D:2)
  An adder (D:4)
  A giant gecko (D:2)
  7 orcs
  A ball python (D:3)
  2 giant cockroaches (D:2)
  7 hobgoblins
  4 jackals (D:2)
  A quokka (D:3)
  4 bats
  A giant newt (D:1)
  6 goblins
  4 kobolds
  5 rats
50 creatures vanquished.

Notes
Turn   | Place    | Note
--------------------------------------------------------------
     0 | D:1      | 4tharraofdagon, the Merfolk Gladiator, began the quest for the Orb.
     0 | D:1      | Reached XP level 1. HP: 16/16 MP: 1/1
   122 | D:2      | Noticed Jessica
   127 | D:2      | Killed Jessica
   127 | D:2      | Reached skill level 5 in Polearms
   127 | D:2      | Reached XP level 2. HP: 18/23 MP: 2/2
   127 | D:2      | Reached XP level 3. HP: 21/28 MP: 3/3
   334 | D:2      | Found a radiant altar of Vehumet.
   544 | D:3      | Reached XP level 4. HP: 12/34 MP: 4/4
   759 | D:4      | Noticed an ogre
   769 | D:4      | Reached skill level 1 in Armour
   781 | D:4      | Killed an ogre
   781 | D:4      | Reached skill level 6 in Polearms
   781 | D:4      | Reached skill level 5 in Dodging
   781 | D:4      | Reached skill level 1 in Spellcasting
   781 | D:4      | Reached XP level 5. HP: 15/41 MP: 4/7
   831 | D:4      | Noticed Pikel
   842 | D:4      | Reached XP level 6. HP: 26/47 MP: 8/8
   867 | D:5      | Entered Level 5 of the Dungeon
  1003 | D:5      | Reached skill level 7 in Polearms
  1023 | D:5      | Slain by an iguana

Action                   |  1- 3 |  4- 6 || total
-------------------------+-------+-------++-------
Melee: Trident           |   100 |    93 ||   193
Throw: Throwing net      |     1 |     7 ||     8
  Use: Scroll            |     4 |       ||     4
       Potion            |       |     4 ||     4
 Stab: Held in net/web   |       |     3 ||     3
